 Dungeon Crawl Stone Soup version 0.30-a0-578-gdee14c521f (webtiles) character file.

Game seed: 4577793249320180168

75530 scionoferis the Brawler (level 15, -15/126 HPs)
             Began as a Yellow Draconian Monk on Dec 31, 2022.
             Was a High Priest of Wu Jian.
             Demolished by an orc knight
             ... wielding a +0 great sword
              (33 damage)
             ... on level 2 of the Orcish Mines.
             The game lasted 01:29:35 (25308 turns).

scionoferis the Brawler (Yellow Draconian Monk)    Turns: 25308, Time: 01:29:36

Health: -15/126    AC: 23    Str: 20    XL:     15   Next: 9%
Magic:  26/26      EV: 31    Int: 10    God:    Wu Jian [*****.]
Gold:   1544       SH: 12    Dex: 17    Spells: 22/29 levels left

rFire   + + .      SeeInvis .      - Unarmed
rCold   + + +      Faith    .    a - +2 shield of Resistance {rF++ rC++ Will++}
rNeg    + + +      Spirit   .    (body armour unavailable)
rPois   +          Reflect  .    c - +1 hat "Viamerimp" {rC+++ rN+++ Int-5 Stlth-}
rElec   +          Harm     +    G - +3 cloak of Prudence {Harm rPois Int-2 Stlth+}
rCorr   +          Rampage  .    y - +2 pair of gloves {Dex+3}
Will    +++..                    B - +5 pair of boots of Fefaemeb {rElec rN+ rCorr}
Stlth   +                        P - amulet of the acrobat
HPRegen 0.41/turn                p - +6 ring of intelligence
MPRegen 0.20/turn                E - ring of poison resistance

@: short of breath, in a heavenly storm, glowing, studying Short Blades
A: spit acid, AC +9, unfitting armour, acidic bite, cold-blooded, acid
resistance
a: Breathe Acid, Renounce Religion, Wall Jump, Serpent's Lash, Heavenly Storm


You were on level 2 of the Orcish Mines.
You worshipped Wu Jian.
Wu Jian was extremely pleased with you.
You visited 4 branches of the dungeon, and saw 21 of its levels.
You also visited: Volcano.

You collected 3523 gold pieces.
You spent 1979 gold pieces at shops.


Innate Abilities, Weirdness & Mutations

You can spit globs of acid.
Your golden yellow scales are hard. (AC +9)
You cannot fit into any form of body armour.
You have acidic saliva.
You are cold-blooded and may be slowed by cold attacks.
You are resistant to acid. (rCorr)


   Skills:
 - Level 10.0 Fighting
 + Level 5.2 Throwing
 - Level 10.0 Dodging
 - Level 4.0 Stealth
 * Level 4.1 Shields
 - Level 16.0 Unarmed Combat
 + Level 7.5 Spellcasting
 - Level 12.0 Transmutations
 + Level 7.3 Evocations


You had 22 spell levels left.
You knew the following spells:

 Your Spells              Type           Power      Damage    Failure   Level
a - Blade Hands           Tmut           13%        N/A       11%         5
b - Wereblood             Tmut           27%        N/A       1%          2

Your spell library contained the following spells:

 Spells                   Type           Power      Damage    Failure   Level
 Spider Form              Tmut/Pois      15%        N/A       14%         3
 Petrify                  Tmut/Erth      15%        N/A       41%         4
 Freeze                   Ice            12%        1d3       47%         1
 Magic Dart               Conj           12%        1d3       47%         1
 Slow                     Hex            12%        N/A       47%         1
 Summon Small Mammal      Summ           12%        N/A       47%         1
 Searing Ray              Conj           6%         2d4       63%         2
 Static Discharge         Conj/Air       6%         2-3/arc   63%         2
 Call Canine Familiar     Summ           3%         N/A       85%         3
 Confusing Touch          Hex            3%         N/A       85%         3
 Frozen Ramparts          Ice            6%         1d1       85%         3
 Gell's Gravitas          Tloc           3%         N/A       85%         3
 Hailstorm                Conj/Ice       3%         3d3       85%         3
 Lesser Beckoning         Tloc           6%         N/A       85%         3
 Portal Projectile        Hex/Tloc       6%         N/A       85%         3
 Summon Guardian Golem    Hex/Summ       3%         N/A       85%         3
 Teleport Other           Tloc           3%         N/A       85%         3
 Tukima's Dance           Hex            3%         N/A       85%         3
 Vampiric Draining        Necr           3%         2d6       85%         3
 Vhi's Electric Charge    Tloc/Air       6%         N/A       85%         3
 Dragon Form              Tmut           13%        N/A       97%         7
 Airstrike                Air            1%         2d(1-17)  99%         4
 Fulminant Prism          Conj/Hex       1%         3d5       99%         4
 Iskenderun's Mystic Bla  Conj/Tloc      3%         2d3       99%         4
 Sticky Flame             Conj/Fire      3%         2d3       99%         4
 Summon Lightning Spire   Summ/Air       3%         N/A       99%         4
 Arcjolt                  Conj/Air       1%         1d11      100%        5
 Lightning Bolt           Conj/Air       1%         1d12      100%        5
 Maxwell's Capacitive Co  Air            1%         ∞         100%        8
 Necromutation            Tmut/Necr      7%         N/A       100%        8

Inventory:

Hand Weapons
 b - a +4 arbalest of flaming
   (You took it off a yaktaur in a volcano)
 z - a +2 demon trident of flaming
   (You found it in a volcano)
Missiles
 q - 6 throwing nets
 r - 10 javelins
 w - 8 atropa-tipped darts
 M - 33 poisoned darts (quivered)
 O - 15 boomerangs
 Q - 7 curare-tipped darts
Armour
 a - the +2 shield of Resistance (worn) {rF++ rC++ Will++}
   (You bought it in a shop on level 12 of the Dungeon)

   rF:        It greatly protects you from fire.
   rC:        It greatly protects you from cold.
   Will:      It greatly increases your willpower.
 c - the +1 hat "Viamerimp" (worn) {rC+++ rN+++ Int-5 Stlth-}
   (You acquired it on level 9 of the Dungeon)

   Int:       It affects your intelligence (-5).
   rC:        It renders you almost immune to cold.
   rN:        It renders you almost immune to negative energy.
   Stlth:     It makes you less stealthy.
 y - a +2 pair of gloves of dexterity (worn)
   (You acquired it on level 9 of the Dungeon)
 A - a +0 cloak
   (You found it on level 3 of the Dungeon)
 B - the +5 pair of boots of Fefaemeb (worn) {rElec rN+ rCorr}
   (You bought it in a shop on level 12 of the Dungeon)

   rElec:     It insulates you from electricity.
   rN:        It protects you from negative energy.
   rCorr:     It protects you from acid and corrosion.
 G - the +3 cloak of Prudence (worn) {Harm rPois Int-2 Stlth+}
   (You found it on level 8 of the Dungeon)

   Int:       It affects your intelligence (-2).
   rPois:     It protects you from poison.
   Harm:      It increases damage dealt and taken.
   Stlth:     It makes you more stealthy.
Jewellery
 p - a +6 ring of intelligence (left hand)
   (You found it on level 3 of the Dungeon)
 E - a ring of poison resistance (right hand)
   (You found it on level 7 of the Dungeon)
 P - an amulet of the acrobat (around neck)
   (You took it off a kobold brigand on level 9 of the Dungeon)
Wands
 j - a wand of roots (12)
   (You found it on level 1 of the Dungeon)
 n - a wand of mindburst (4)
   (You found it on level 2 of the Lair of Beasts)
 u - a wand of charming (28)
   (You found it on level 4 of the Dungeon)
 J - a wand of flame (20)
   (You found it on level 8 of the Dungeon)
 K - a wand of quicksilver (11)
   (You found it on level 9 of the Dungeon)
 V - a wand of digging (5)
   (You took it off a spriggan on level 5 of the Lair of Beasts)
Scrolls
 d - 2 scrolls of silence
 i - a scroll of magic mapping
 k - 2 scrolls of torment
 l - 13 scrolls of teleportation
 D - 3 scrolls of fog
 N - 2 scrolls of blinking
 T - 2 scrolls of fear
 U - a scroll of poison
Potions
 e - 6 potions of curing
 g - 3 potions of might
 h - 4 potions of flight
 o - 3 potions of cancellation
 s - 3 potions of attraction
 t - 5 potions of lignification
 v - 5 potions of haste
 x - 2 potions of magic {unknown}
 C - 2 potions of ambrosia
 I - a potion of heal wounds {unknown}
 L - 3 potions of resistance {unknown}
Miscellaneous
 f - a box of beasts
   (You found it on level 3 of the Lair of Beasts)
 m - a phial of floods
   (You found it on level 1 of the Lair of Beasts)
 W - a lightning rod (3/4)
   (You found it on level 5 of the Lair of Beasts)

Dungeon Overview and Level Annotations

Branches:
Dungeon (13/15)            Temple (1/1) D:5            Lair (5/5) D:9
 Shoals (0/4) Lair:2       Spider (0/4) Lair:3        Slime (0/5) Lair:5
    Orc (2/2) D:10            Elf (0/3) Orc:2        Vaults (0/5) D:13
Volcano (visited)

Altars:
Ashenzari
Cheibriados
Dithmenos
Elyvilon
Fedhas
Gozag
Hepliaklqana
Kikubaaqudgha
Makhleb
Nemelex Xobeh
Okawaru
Qazlal
Ru
Sif Muna
Trog
Uskayaw
Vehumet
Wu Jian
Xom
Yredelemnul
Zin
The Shining One
Jiyva

Shops:
D:3 ?   D:12 :[:[   Orc:2 :

Annotations:
D:9 2 transporters
Orc:1 1 runed translucent door

####### **####* #######
***,....##* ###.....###
***,,,......##* ###...).....#
**,,,,,......§§## ##............
**,,,,,,,..o.o§o§###.............
∩*,*,*,*.#.#.#o#o#☼#.#.#.#.#.#.#.
,,,,,,,,oo...☼oooo§§.............
,*,,,,,,oo...§oo@#☼#.............
,,,,,,,,o...ooooo§☼☼.§...........
∩*,*,*,*.#.#o#§#§#§#.#.#.#.#.#.#.
**,,,,,,,,...oo4.###.............
**,,,,,........## ##............
***,,,......##* ###.........#
***,....##* *##.....##* ***###*
*######


You could see 6 orc knights and 5 orc warriors.


Message History

Something hits you but does no damage.
Harold hits you with a +1 dire flail of protection!
The orc priest hits you but does no damage.
You punch the orc priest!
You kill the orc priest!
The Council accepts your kill. The orc warrior misses you.
Something hits you but does no damage.
Harold hits you with a +1 dire flail of protection.
You hit Harold but do no damage. You tail-slap Harold, but do no damage.
The orc warrior misses you. Something hits you but does no damage.
Harold casts a spell at you.
You struggle to resist.
You pummel Harold!!
Harold is moderately wounded.
The orc warrior barely misses you. You block Harold's attack.
You hear some strange, mumbled words.
A magic dart appears from out of thin air!
The magic dart hits you.
You hit Harold.
Harold is heavily wounded.
The orc warrior hits you with a +0 war axe!
You hit Harold but do no damage. You bite Harold, but do no damage.
Harold is heavily wounded.
Harold hits you with a +1 dire flail of protection!
You block something's attack.
The orc warrior hits you but does no damage.
You punch Harold!
Your tail-slap misses Harold.
Your bite misses Harold.
Harold is heavily wounded.
Harold hits you with a +1 dire flail of protection.
You block something's attack.
The orc warrior hits you with a +0 war axe.
Your muscles tense, ready for explosive movement...
You spin and attack the orc warrior, with incredible momentum.
You punch the orc warrior!
The orc warrior is severely wounded.
You spin and attack Harold, with incredible momentum.
You hit Harold. Your bite misses Harold.
Harold is heavily wounded.
You spin and attack the orc warrior, with incredible momentum.
You punch the orc warrior!
You blow up the orc warrior!
The Council accepts your kill.
You spin and attack Harold, with incredible momentum.
You pummel Harold!!
You blow up Harold!
The Council accepts your kill.
Your supernatural speed expires.
Your lightning rod (2/4) has regained one charge.
There is a stone staircase leading up, spattered with blood here.
You punch something!
You hear some strange, mumbled words.
A puff of flame appears from out of thin air!
You block the puff of flame.
You miss something. You bite something.
You hear some strange, mumbled words.
A puff of flame appears from out of thin air!
The puff of flame hits you but does no damage.
You barely miss something. Something hits you but does no damage.
You hit something. The Council accepts your kill.
Reactivating autopickup.
You feel a bit more experienced.
Things that are here:
a +0 dagger; a +0 robe; an orc corpse You start resting.
You feel less exhausted.
You start resting.
HP restored.
Things that are here:
a +0 war axe; a +0 arbalest; a +0 plate armour
q - 6 throwing nets (gained 4)
Things that are here:
a +1 dire flail of protection; a +0 scale mail
There is a stone staircase leading up, spattered with blood here.
Things that are here:
a +0 mace; a +0 ring mail
There is a stone staircase leading up, spattered with blood here.
You climb upwards.
Level annotation: 1 runed translucent door The orc closely misses you. x2; You block the orc's attack. x2
There is a stone staircase leading down here.
You spin and attack the orc.
You hit the orc.
The orc is lightly wounded.
You spin and attack the orc.
You barely miss the orc.
You spin and attack the orc.
You hit the orc.
The orc is moderately wounded.
The orc closely misses you. You block the orc's attack.
The orc closely misses you.
Unknown command.
You spin and attack the orc.
You hit the orc but do no damage.
The orc is lightly wounded.
You spin and attack the orc.
You barely miss the orc.
You spin and attack the orc repeatedly.
You pummel the orc!!
You kill the orc!
The Council accepts your kill. You block the orc's attack.
There is a stone staircase leading down here.
You spin and attack the orc.
You punch the orc!
You kill the orc!
The Council accepts your kill.
You spin and attack the orc.
You pummel the orc!!
You kill the orc!
The Council accepts your kill.
You see here 17 gold pieces.
You closely miss the orc wizard.
The orc wizard points at you and mumbles some strange words.
The magic dart hits you.
You hit the orc wizard.
The orc wizard is lightly wounded.
The orc wizard gestures at you while chanting.
You block the puff of flame.
You closely miss the orc wizard.
The orc wizard is lightly wounded.
You punch the orc wizard! You tail-slap the orc wizard.
Your bite misses the orc wizard.
The orc wizard is almost dead.
The orc wizard misses you.
You pummel the orc wizard!!
You kill the orc wizard!
The Council accepts your kill.
HP restored.
You now have 1381 gold pieces (gained 17).
O - 15 boomerangs (gained 1)
Items here: ))) [[ ††.
Things that are here:
a +0 dagger; a +0 robe You now have 1395 gold pieces (gained 14).
You now have 1408 gold pieces (gained 13).
Things that are here:
a +0 dagger; a +0 robe You now have 1424 gold pieces (gained 16).
You now have 1442 gold pieces (gained 18).
An ogre comes into view. It is wielding a +0 giant club.
Found 12 gold pieces.
You see here 19 gold pieces.
You lunge at the ogre.
You hit the ogre. You bite the ogre, but do no damage.
The ogre is lightly wounded.
You block the ogre's attack.
You barely miss the ogre.
You tail-slap the ogre, but do no damage.
The ogre is lightly wounded.
The ogre hits you with a +0 giant club!
You punch the ogre! You tail-slap the ogre.
The ogre is heavily wounded.
You punch the ogre! You tail-slap the ogre.
The ogre is almost dead.
You block the ogre's attack.
You barely miss the ogre.
The ogre is almost dead.
You punch the ogre!
You kill the ogre!
The Council accepts your kill.
You now have 1461 gold pieces (gained 19).
You now have 1473 gold pieces (gained 12).
You now have 1488 gold pieces (gained 15).
You now have 1495 gold pieces (gained 7).
A cyclops comes into view.
The helpless cyclops fails to defend itself.
You squash the cyclops like an ant!!!
You kill the cyclops!
The Council accepts your kill.
No target in view!
Things that are here:
5 large rocks; a cyclops corpse Done exploring.
Done exploring.
You see here a +0 hand axe.
There is a stone staircase leading down here.
You climb downwards.
There is a stone staircase leading up, spattered with blood here.
Things that are here:
a +0 robe; a +0 dagger; an orc skeleton
Things that are here:
a +0 robe; a +0 dagger An orc warrior comes into view.
It is wielding a +0 trident.
An orc priest and an orc come into view.
An orc comes into view. It is wielding a +3 antimagic mace.
An orc comes into view. It is wielding a +0 mace.
The orc shouts! x2; The orc warrior shouts!
You block the orc's attack. The orc warrior completely misses you.
Found 30 gold pieces.
You spin and attack the orc warrior.
The orc priest shouts!
You punch the orc warrior!
The orc warrior is moderately wounded.
You spin and attack the orc.
You punch the orc!
You kill the orc!
The Council accepts your kill.
The orc priest hits you but does no damage.
The orc warrior hits you but does no damage.
You barely miss the orc priest.
You tail-slap the orc priest, but do no damage.
The orc hits you but does no damage. The orc completely misses you.
The orc priest calls upon Beogh to heal the orc warrior.
The orc warrior is healed somewhat.
The orc warrior hits you but does no damage.
You spin and attack the orc warrior.
You closely miss the orc warrior.
The orc warrior is lightly wounded.
You spin and attack the orc priest repeatedly.
You hit the orc priest.
The orc priest is moderately wounded.
You barely miss the orc priest.
You bite the orc priest, but do no damage.
The orc priest is moderately wounded.
You block the orc priest's attack. You block the orc warrior's attack.
You pummel the orc priest!!
You kill the orc priest!
The Council accepts your kill. The orc warrior barely misses you.
You punch the orc warrior! Your bite misses the orc warrior.
The orc warrior is heavily wounded.
You hit the orc warrior but do no damage.
The orc warrior is heavily wounded.
You block the orc's attack. The orc hits you with a +0 mace.
The orc warrior hits you but does no damage.
You punch the orc warrior!
You kill the orc warrior!
The Council accepts your kill. You block the orc's attack.
The orc hits you but does no damage.
You spin and attack the orc repeatedly.
You punch the orc!
You kill the orc!
The Council accepts your kill.
Things that are here:
a +0 trident; a +0 chain mail You hit the orc.
You tail-slap the orc.
You kill the orc!
The Council accepts your kill.
No target in view!
Things that are here:
a +3 antimagic mace; a +0 mace; an orc corpse
Things that are here:
a +0 whip; a +0 ring mail
Found Toogyrchu's Book Shop.
You now have 1525 gold pieces (gained 30).
There is an entrance to Toogyrchu's Book Shop here.
Unknown command.
Unknown command.
A warg comes into view.
The helpless warg fails to defend itself.
You hit the warg.
You tail-slap the warg, but do no damage.
The warg is lightly wounded.
The warg bites you!
You completely miss the warg.
You tail-slap the warg, but do no damage.
The warg is lightly wounded.
The warg bites you.
You hit the warg but do no damage. You tail-slap the warg.
You bite the warg, but do no damage.
The warg is moderately wounded.
You block the warg's attack.
You punch the warg! You bite the warg, but do no damage.
The warg is almost dead.
You block the warg's attack.
You pummel the warg!!
You kill the warg!
The Council accepts your kill.
No target in view!
No target in view!
No target in view!
HP restored.
An orc comes into view. It is wielding a +0 club.
An orc warrior comes into view. It is wielding a +0 halberd.
Found a shimmering altar of Xom.
The orc warrior shouts!
You hear a shout! x2
An orc wizard comes into view. It is wielding a +0 dagger.
An orc comes into view. It is wielding a +0 whip.
An orc comes into view. It is wielding a +0 short sword.
You hear a shout!
The orc shouts!
You hear a shout! x3
An orc priest and 3 orcs come into view.
The orc shouts!
You hear a shout! x4
The orc wizard gestures at you while chanting.
The magic dart hits you but does no damage.
An orc comes into view. It is wielding a +0 mace.
The orc shouts! x2; You hear a shout!
You hear a shout! x2
The orc wizard casts a spell.
The orc wizard flickers and vanishes!
Deactivating autopickup; reactivate with Ctrl-A.
You lunge at the orc warrior.
You pummel the orc warrior!!
You kill the orc warrior!
The Council accepts your kill.
You lunge at the orc.
You pummel the orc!!
You kill the orc!
The Council accepts your kill.
Things that are here:
a +0 halberd; a +0 plate armour; an orc corpse You hit something.
Something hits you but does no damage.
You barely miss something. Something hits you but does no damage.
You pummel something!! The Council accepts your kill.
Reactivating autopickup.
You feel a bit more experienced. You block the orc's attack.
The orc misses you.
You closely miss the orc. You bite the orc, but do no damage.
The orc misses you. You block the orc's attack. The orc barely misses you.
The orc closely misses you.
You spin and attack the orc.
You barely miss the orc. You tail-slap the orc!
You kill the orc!
The Council accepts your kill.
You spin and attack the orc.
You punch the orc!
You kill the orc!
The Council accepts your kill.
You punch the orc!
You kill the orc!
The Council accepts your kill. You block the orc's attack.
You spin and attack the orc.
You punch the orc!
You kill the orc!
The Council accepts your kill.
You see here a +0 hand axe.
You spin and attack the orc.
You punch the orc!
You kill the orc!
The Council accepts your kill.
Items here: )) [ ††.
You lunge at the orc.
You punch the orc!
You kill the orc!
The Council accepts your kill.
Items here: )) [ †.
Things that are here:
a +0 flail; a +0 ring mail An orc comes into view.
It is wielding a +0 flail.
An orc warrior and an orc priest come into view.
The orc priest calls down the wrath of Beogh upon you.
Beogh smites you!
You hear a shout!
You hear a shout! x2
An orc priest comes into view. It is wielding a +0 trident.
The orc shouts!
You hear a shout!
An orc priest comes into view. It is wielding a +0 short sword.
An orc priest comes into view. It is wielding a +0 war axe.
An orc priest comes into view. It is wielding a +0 falchion.
You lunge at the orc priest.
You barely miss the orc priest.
The orc priest shouts!
The orc warrior shouts!
You tail-slap the orc priest. Your bite misses the orc priest.
The orc priest is heavily wounded.
You spin and attack the orc repeatedly.
You punch the orc!
You kill the orc!
The Council accepts your kill.
You hear a shout! x4
An orc priest comes into view. It is wielding a +0 hand axe.
You block the orc priest's attack.
An orc comes into view. It is wielding a +0 dagger.
You lunge at the orc warrior.
You pummel the orc warrior!!
You kill the orc warrior!
The Council accepts your kill.
You spin and attack the orc priest.
You barely miss the orc priest.
The orc priest is heavily wounded.
The orc priest looks braver for a moment.
The orc priest misses you.
You have reached level 15!
Your experience leads to an increase in your attributes!
Your base attributes are Str 18, Int 11, Dex 14.
Increase (S)trength, (I)ntelligence, or (D)exterity?
You feel stronger. x2; Your scales feel tougher.
You lunge at the orc priest.
You barely miss the orc priest.
You spin and attack the orc priest.
You closely miss the orc priest.
The orc priest calls upon Beogh to heal the orc priest.
The orc priest is healed somewhat.
The orc priest calls down the wrath of Beogh upon you.
You resist with almost no effort.
An orc knight comes into view. It is wielding a +2 broad axe.
An orc warrior comes into view. It is wielding a +0 war axe.
An orc comes into view. It is wielding a +3 mace.
The orc priest mumbles some strange prayers to Beogh against you.
Beogh smites you! You block the orc priest's attack.
The orc knight shouts!
You lunge at the orc priest.
You hit the orc priest.
Your tail-slap misses the orc priest.
The orc priest is moderately wounded.
You spin and attack the orc priest.
You barely miss the orc priest.
You spin and attack the orc priest repeatedly.
You punch the orc priest!
You kill the orc priest!
The Council accepts your kill. You block the orc priest's attack.
An orc priest comes into view. It is wielding a +0 dagger.
You block the orc priest's attack.
The orc priest begins to cast a cantrip, but forgets the words!
Unknown command.
You spin and attack the orc priest.
You barely miss the orc priest.
You spin and attack the orc priest.
You hit the orc priest but do no damage.
The orc priest is moderately wounded.
The orc priest invokes the aid of Beogh against you.
Beogh smites you!
The orc priest hits you but does no damage.
Your muscles tense, ready for explosive movement...
You spin and attack the orc priest, with incredible momentum.
You pummel the orc priest!!
You blow up the orc priest!
The Council accepts your kill.
An orc comes into view. It is wielding a +0 hand axe.
You lunge with incredible momentum at the orc priest.
The orc priest shouts!
You punch the orc priest!
You tail-slap the orc priest, but do no damage.
The orc priest is heavily wounded.
You spin and attack the orc priest, with incredible momentum.
You pummel the orc priest!!
You blow up the orc priest!
The Council accepts your kill.
You spin and attack the orc priest, with incredible momentum.
You pummel the orc priest!!
You blow up the orc priest!
The Council accepts your kill.
Your supernatural speed expires.
Things that are here:
a +0 falchion; a +0 ring mail Unknown command.
You spin and attack the orc priest repeatedly.
You pummel the orc priest!!
You kill the orc priest!
The Council accepts your kill.
You spin and attack the orc priest repeatedly.
You hit the orc priest.
The orc priest is almost dead.
You punch the orc priest!
You kill the orc priest!
The Council accepts your kill.
The orc moves out of view. 3 orcs come into view.
You lunge at the orc.
You barely miss the orc.
The orc shouts!
You bite the orc, but do no damage.
An orc priest comes into view. It is wielding a +0 flail.
The orc misses you.
The orc moves out of view.
Things that are here:
a +0 hand axe; an orc corpse You punch the orc!
You kill the orc!
The Council accepts your kill.
An orc warrior comes into view. It is wielding a +0 scimitar.
An orc priest comes into view. It is wielding a +0 flail.
The orc knight roars a battlecry!
The orcs go into a battle-frenzy!
You hear a shout! x2
Things that are here:
a +0 flail; a +0 ring mail
Items here: )) [ †.
The orc knight roars a battlecry!
Items here: )) [ ††.
Press: ? - help, Shift-Dir - straight line, f - orc warrior
Aim: an orc warrior, wielding a +0 war axe and wearing a +0 plate armour (strong, 68% to hit)
You spit a glob of acid.
The glob of acid misses the orc warrior.
You lunge at the orc knight.
You punch the orc knight!
Your tail-slap misses the orc knight.
The orc knight is moderately wounded.
You block the orc knight's attack.
The orc warrior hits you with a +0 war axe!
Items here: )) [ ††.
You hit the orc knight.
The orc knight is moderately wounded.
You feel less exhausted.
You spin and attack the orc warrior.
You barely miss the orc warrior.
You tail-slap the orc warrior, but do no damage.
You spin and attack the orc knight.
You hit the orc knight but do no damage.
The orc knight is moderately wounded.
You block the orc knight's attack. The orc warrior closely misses you.
Items here: ))) [ †.
You spin and attack the orc warrior.
You hit the orc warrior.
Your tail-slap misses the orc warrior.
The orc warrior is moderately wounded.
You spin and attack the orc knight repeatedly.
You punch the orc knight!
The orc knight is moderately wounded.
You punch the orc knight!
The orc knight is severely wounded.
The orc no longer looks unusually strong.
The orc knight roars a battlecry!
The orc goes into a battle-frenzy!
Items here: )) [ ††.
You spin and attack the orc warrior.
You closely miss the orc warrior.
You tail-slap the orc warrior, but do no damage.
The orc warrior is moderately wounded.
The orc no longer looks unusually strong.
The orc warrior no longer looks unusually strong.
The orc knight roars a battlecry!
The orcs go into a battle-frenzy!
The orc warrior closely misses you. You block the orc's attack.
You see here a +0 hand axe.
You spin and attack the orc repeatedly.
You hit the orc.
The orc is almost dead.
You completely miss the orc.
The orc is almost dead.
You spin and attack the orc warrior.
You punch the orc warrior!
You tail-slap the orc warrior, but do no damage.
The orc warrior is severely wounded.
You block the orc's attack.
You spin and attack the orc.
You hit the orc. Your bite misses the orc.
The orc is almost dead.
You spin and attack the orc.
You hit the orc but do no damage.
The orc is almost dead.
You have got your breath back.
The orc closely misses you. You block the orc's attack.
You spin and attack the orc.
You hit the orc. Your bite misses the orc.
The orc is moderately wounded.
The orc priest no longer looks unusually strong. x2
The orc knight roars a battlecry!
The orcs go into a battle-frenzy!
The orc barely misses you. You block the orc's attack.
You spin and attack the orc.
You punch the orc!
You kill the orc!
The Council accepts your kill.
You spin and attack the orc.
You hit the orc but do no damage. Your bite misses the orc.
The orc is moderately wounded.
The orc priest calls upon Beogh to heal the orc.
The orc is healed somewhat.
Your muscles tense, ready for explosive movement...
You lunge with incredible momentum at the orc priest.
You pummel the orc priest!!
You blow up the orc priest!
The Council accepts your kill.
You spin and attack the orc, with incredible momentum.
You pummel the orc!!
You blow up the orc!
The Council accepts your kill.
You spin and attack the orc knight, with incredible momentum.
You punch the orc knight!
The orc knight is almost dead.
Things that are here:
a +3 mace; a +0 leather armour; an orc corpse You spin and attack the orc warrior, with incredible momentum.
You hit the orc warrior.
The orc warrior is almost dead.
You spin and attack the orc knight repeatedly, with incredible momentum.
You hit the orc knight.
You blow up the orc knight!
The Council accepts your kill.
Your supernatural speed expires.
You see here a +0 flail.
You closely miss the orc warrior.
You bite the orc warrior, but do no damage.
The orc warrior is almost dead.
The orc priest no longer looks unusually strong.
The orc priest begins to cast a cantrip, but forgets the words!
You block the orc's attack.
The orc priest suddenly jeers, in orcish tradition.
You punch the orc warrior!
You kill the orc warrior!
The Council accepts your kill.
The orc no longer looks unusually strong.
The orc hits you but does no damage. You block the orc's attack.
You spin and attack the orc.
You hit the orc but do no damage.
The orc is moderately wounded.
You spin and attack the orc.
You punch the orc!
You kill the orc!
The Council accepts your kill.
The orc no longer looks unusually strong.
The orc priest invokes the aid of Beogh against you.
Beogh smites you! You block the orc warrior's attack.
The orc hits you but does no damage.
You spin and attack the orc.
You closely miss the orc. Your bite misses the orc.
The orc is moderately wounded.
The orc barely misses you.
Things that are here:
a +0 trident; a +0 chain mail You spin and attack the orc warrior.
You punch the orc warrior! Your bite misses the orc warrior.
The orc warrior is heavily wounded.
You spin and attack the orc.
You barely miss the orc.
The orc is moderately wounded.
An orc priest comes into view. It is wielding a +0 short sword.
The orc priest suddenly grunts, as Orcs often do.
The orc priest calls upon Beogh to heal the orc warrior.
The orc warrior is healed somewhat.
You block the orc warrior's attack.
Things that are here:
a +0 whip; a +0 ring mail You spin and attack the orc priest.
You punch the orc priest!
You kill the orc priest!
The Council accepts your kill.
You spin and attack the orc warrior repeatedly.
You punch the orc warrior!
You kill the orc warrior!
The Council accepts your kill.
The orc priest calls down the wrath of Beogh upon you.
Beogh smites you!
You closely miss the orc priest. You tail-slap the orc priest.
The orc priest is lightly wounded.
You block the orc priest's attack. You block the orc's attack. x2
You barely miss the orc priest.
Your tail-slap misses the orc priest.
You bite the orc priest, but do no damage.
The orc priest is lightly wounded.
You block the orc priest's attack. The orc hits you but does no damage.
You block the orc's attack.
The orc priest calls down the wrath of Beogh upon you.
Beogh smites you!
You spin and attack the orc priest.
You closely miss the orc priest.
You spin and attack the orc.
You punch the orc!
You kill the orc!
The Council accepts your kill. You block the orc priest's attack.
You spin and attack the orc priest.
You closely miss the orc priest.
The orc priest mumbles some strange prayers to Beogh against you.
Beogh smites you! The orc priest barely misses you.
You spin and attack the orc priest.
You barely miss the orc priest.
You bite the orc priest, but do no damage.
You block the orc priest's attack.
The orc priest hits you but does no damage.
You punch the orc priest!
You kill the orc priest!
The Council accepts your kill. The orc hits you but does no damage.
The orc priest calls upon Beogh to heal the orc.
The orc's wounds heal themselves!
You completely miss the orc priest.
You bite the orc priest, but do no damage.
You block the orc's attack.
The orc priest hits you but does no damage.
You punch the orc priest!
You kill the orc priest!
The Council accepts your kill. The orc misses you.
The orc priest barely misses you.
You punch the orc priest!
You bite the orc priest, but do no damage.
The orc priest is heavily wounded.
The orc misses you.
The orc priest hits you but does no damage.
You hit the orc priest.
You bite the orc priest, but do no damage.
The orc priest is almost dead.
You feel less exhausted. The orc hits you but does no damage.
You block the orc priest's attack.
You hit the orc priest.
You kill the orc priest!
The Council accepts your kill.
The orc no longer looks unusually strong.
You punch the orc!
You kill the orc!
The Council accepts your kill.
You see here a +0 short sword.
Things that are here:
a +3 antimagic mace; a +0 mace; an orc skeleton You start resting.
An orc warrior comes into view. It is wielding a +0 long sword.
You start resting.
HP restored.
An orc priest comes into view. It is wielding a +0 club.
An orc high priest comes into view. It is wielding a +0 flail.
The orc priest shouts!
You punch the orc priest!
You kill the orc priest!
The Council accepts your kill.
You start waiting.
Done waiting.
You now have 1544 gold pieces (gained 19).
You see here a +0 club.
Unknown command.
Things that are here:
a +3 antimagic mace; a +0 mace The orc warrior shouts!
Items here: )) [ ÷.
You lunge at the orc warrior.
You punch the orc warrior!
You tail-slap the orc warrior, but do no damage.
The orc warrior is severely wounded.
The orc warrior hits you with a +0 long sword.
You see here a +0 hand axe.
You closely miss the orc warrior.
You tail-slap the orc warrior, but do no damage.
You bite the orc warrior, but do no damage.
The orc warrior is severely wounded.
The orc warrior completely misses you.
You barely miss the orc warrior.
The orc warrior is severely wounded.
The orc warrior hits you with a +0 long sword.
You hit the orc warrior but do no damage.
The orc warrior is severely wounded.
You block the orc warrior's attack.
The orc high priest calls upon Beogh to heal the orc warrior.
The orc warrior is healed somewhat.
You hear a shout!
You closely miss the orc warrior.
You bite the orc warrior, but do no damage.
The orc warrior is moderately wounded.
You pummel the orc warrior!!
You kill the orc warrior!
The Council accepts your kill.
The orc high priest utters an invocation to Beogh.
An orc comes into view. It is wielding a +0 club.
The sixfirhy barely misses you.
Items here: )) [[ ÷.
Your muscles tense, ready for explosive movement...
An orc warrior comes into view.
It is wielding a +0 short sword of venom.
You spin and attack the sixfirhy, with incredible momentum.
You hit the sixfirhy.
The sixfirhy is lightly wounded.
You lunge with incredible momentum at the orc high priest.
You pummel the orc high priest!!
Your tail-slap misses the orc high priest.
The orc high priest is severely wounded.
Your supernatural speed expires.
You barely miss the orc high priest.
The orc high priest is severely wounded.
The sixfirhy hits you but does no damage. x2
The orc high priest completely misses you.
You pummel the orc high priest!!
You kill the orc high priest!
The Council accepts your kill.
The sixfirhy disappears in a puff of smoke!
The sun demon disappears in a puff of smoke!
The orc warrior unwields a +0 short sword of venom.
It stops dripping with poison.
The orc warrior wields a +0 arbalest.
The orc warrior shoots a bolt.
You block the bolt.
You punch the orc!
You kill the orc!
The Council accepts your kill.
The orc warrior shoots a bolt.
You block the bolt.
The orc warrior shoots a bolt.
The bolt closely misses you.
You see here a +0 club.
You lunge at the orc warrior.
You punch the orc warrior!
Your tail-slap misses the orc warrior.
You bite the orc warrior, but do no damage.
The orc warrior is severely wounded.
The orc warrior unwields a +0 arbalest.
The orc warrior wields a +0 short sword of venom.
It begins to drip with poison!
You block the orc warrior's attack.
You pummel the orc warrior!!
You kill the orc warrior!
The Council accepts your kill.
You start resting.
HP restored.
Items here: )) [ †.
You feel less exhausted.
Things that are here:
a +0 hand axe; a +0 leather armour; an orc skeleton
Things that are here:
a +0 war axe; a +0 plate armour
Things that are here:
a +2 broad axe; a +0 plate armour
Items here: ))) [ ÷.
Items here: )) [ ÷.
Things that are here:
a +0 flail; a +0 ring mail
Things that are here:
a +0 trident; a +0 ring mail An orc comes into view.
It is wielding a +0 trident.
You lunge at the orc.
You strike the helpless orc from behind!
You squash the orc like an ant!!!
You kill the orc!
The Council accepts your kill.
Things that are here:
a +0 trident; an orc corpse 2 orc warriors come into view. 2 orc warriors come into view.
The orc warrior shouts!
You hear a shout! x4
An orc comes into view. It is wielding a +0 club.
The orc shouts!
You hear a shout! x7
You hear a shout! x3
An orc priest comes into view. It is wielding a +0 falchion.
An orc knight comes into view. It is wielding a +0 long sword.
An orc knight comes into view. It is wielding a +0 vampiric bardiche.
The orc priest shouts!
You hear a shout!
An orc priest comes into view. It is wielding a +0 hand axe.
An orc comes into view. It is wielding a +0 short sword.
The orc shouts!
You hear a shout! x4
An orc knight comes into view.
It is wielding a +2 great sword of electrocution.
The orc knight roars a battlecry!
The orcs go into a battle-frenzy!
You hear a shout!
An orc knight comes into view. It is wielding a +0 great sword.
The air is filled with shimmering golden clouds!
Sifu Gene Jian Bin says: The storm will not cease as long as you keep fighting, disciple!
You hear a shout! x6
The orc warrior completely misses you. The orc misses you.
The orc knight moves out of view.
Your muscles tense, ready for explosive movement...
An orc high priest, an orc knight, 3 orc priests and 3 orc warriors come into view.
An orc priest is wielding a +0 dagger and wearing a +2 leather armour of fire resistance.
An orc warrior is wielding a +0 battleaxe of flaming.
You spin and attack the orc warrior, with incredible momentum.
The orc priest shouts!
You pummel the orc warrior!!
You tail-slap the orc warrior, but do no damage.
The orc warrior is almost dead.
An orc priest and 2 orc knights come into view.
You spin and attack the orc warrior, with incredible momentum.
You hit the orc warrior.
The orc warrior is almost dead.
Your supernatural speed expires.
An orc priest, an orc knight and an orc high priest come into view.
The orc priest is wielding a +2 whip of venom.
You lunge at the orc knight.
You punch the orc knight!
The orc knight is lightly wounded.
You spin and attack the orc warrior.
You punch the orc warrior! You tail-slap the orc warrior.
Your bite misses the orc warrior.
The orc warrior is severely wounded.
You hear a shout! x4
You block the orc warrior's attack. The orc knight misses you.
The orc high priest moves out of view.
The orc knight moves out of view.
The orc priest moves out of view. x3; The orc warrior moves out of view. x3
The orc knight moves out of view. x2; The orc priest moves out of view.
The orc knight moves out of view.
The orc high priest moves out of view. 4 orc warriors come into view.
You lunge at the orc priest.
You punch the orc priest!
You tail-slap the orc priest, but do no damage.
The orc priest is severely wounded.
You spin and attack the orc warrior.
You hit the orc warrior.
The orc warrior is lightly wounded.
You spin and attack the orc knight.
You punch the orc knight!
The orc knight is moderately wounded.
The orc knight roars a battlecry!
The orcs go into a battle-frenzy!
You block the orc priest's attack.
The orc priest calls down the wrath of Beogh upon you.
Beogh smites you! The orc knight completely misses you.
The orc warrior completely misses you.
The orc warrior moves out of view. x4
You pummel the orc priest!!
You kill the orc priest!
The Council accepts your kill.
The orc high priest invokes the aid of Beogh against you.
You resist with almost no effort. The orc closely misses you.
You block the orc knight's attack. The orc high priest closely misses you.
You block the orc knight's attack.
The orc priest hits you but does no damage.
The orc knight roars a battlecry!
The orc warrior misses you.
You pummel the orc warrior!!
You kill the orc warrior!
The Council accepts your kill.
You hear a shout!
The orc high priest prays to Beogh.
You block the orc's attack.
The orc high priest hits you from afar with a +0 trident.
You block the orc knight's attack.
The orc priest looks braver for a moment.
The orc knight misses you.
You pummel the orc priest!!
You kill the orc priest!
The Council accepts your kill.
The orc high priest hits you but does no damage.
The orc knight misses you.
The orc knight roars a battlecry!
The orc priest misses you. x2
You punch the orc high priest!
The orc high priest is lightly wounded.
The orc knight roars a battlecry!
The orc knight goes into a battle-frenzy!
The orc high priest utters an invocation to Beogh.
You block the orc knight's attack. The orc priest barely misses you.
You block the orc high priest's attack.
You pummel the orc high priest!! You bite the orc high priest!
The orc high priest is splashed with acid.
The acid corrodes the orc high priest!
You kill the orc high priest!
The Council accepts your kill.
You spin and attack the orc knight.
You hit the orc knight but do no damage.
You spin and attack the orc priest.
You punch the orc priest!
You kill the orc priest!
The Council accepts your kill.
You spin and attack the orc knight.
You punch the orc knight!
You bite the orc knight, but do no damage.
The orc knight is moderately wounded.
You spin and attack the orc knight.
You punch the orc knight!
The orc knight is heavily wounded.
The orc knight unwields a +0 vampiric bardiche.
The orc knight wields a +0 arbalest.
The orc knight shoots a bolt.
You block the bolt. The orc knight completely misses you.
The orc warrior completely misses you.
You hear a shout!
Items here: )))) [[[ †††.
You spin and attack the orc warrior.
You punch the orc warrior!
The orc warrior is moderately wounded.
You spin and attack the orc knight.
You punch the orc knight!
The orc knight is severely wounded.
You spin and attack the orc warrior.
You pummel the orc warrior!!
You kill the orc warrior!
The Council accepts your kill.
You hear a bellow!
You block the orc warrior's attack.
Your Shields skill increases to level 4!
You see here a +0 hand axe.
You pummel the orc!!
You kill the orc!
The Council accepts your kill. The orc knight closely misses you.
The orc warrior misses you. You block the orc knight's attack.
The orc warrior closely misses you.
You hit the orc knight but do no damage.
The orc priest calls down the wrath of Beogh upon you.
Beogh smites you!
The orc high priest suddenly jeers.
The orc high priest hits you but does no damage.
The orc knight completely misses you.
The orc knight hits you with a +0 great sword!
You block the orc warrior's attack.
There is nothing to wall jump against here.
Unknown command.
Unknown command.
Press: ? - help, Shift-Dir - straight line, f - orc warrior
Aim: an orc warrior, wielding a +0 short sword and wearing a +0 chain mail (golden dust, severely wounded, strong, haloed, 77% to hit)
You spit a glob of acid.
The glob of acid misses the orc warrior.
The glob of acid hits the orc knight!!
The acid corrodes the orc knight!
The acid splashes onto the orc high priest!
The orc high priest is splashed with acid.
The acid corrodes the orc high priest!
The acid splashes onto the orc warrior!
The orc warrior is splashed with acid.
The acid corrodes the orc warrior!
The acid splashes onto the orc knight!
The orc knight is splashed with acid.
The acid corrodes the orc knight!
The orc knight is severely wounded.
The orc high priest hits you but does no damage.
The orc knight completely misses you.
The orc knight roars a battlecry!
Unknown command.
You hit the orc knight but do no damage.
You tail-slap the orc knight!
The orc knight is almost dead.
You feel less exhausted.
The orc knight no longer looks unusually strong. x3
The orc priest mumbles some strange prayers to Beogh against you.
Beogh smites you!
The orc high priest prays to Beogh.
The orc knight completely misses you.
The orc knight roars a battlecry!
The orc knights go into a battle-frenzy!
You completely miss the orc knight.
The orc knight is almost dead.
You hear a shout!
The ynoxinul disappears in a puff of smoke!
You block the orc high priest's attack.
The orc knight roars a battlecry!
The orc knight goes into a battle-frenzy!
You block the orc knight's attack.
The orc knight roars a battlecry!
The orc knight misses you.
You hear a shout!
You punch the orc knight!
You kill the orc knight!
The Council accepts your kill.
You hear a roar!
The orc high priest no longer looks unusually strong.
You block the orc knight's attack.
The orc knight roars a battlecry!
The orc high priest goes into a battle-frenzy!
The orc high priest mumbles some strange prayers to Beogh against you.
Beogh smites you!
The orc knight roars a battlecry!
You hear two shouts!
You punch the orc priest!
You kill the orc priest!
The Council accepts your kill. The orc high priest misses you.
The orc knight misses you. The orc knight completely misses you.
You block the orc knight's attack.
The orc knight hits you from afar with a +0 halberd!
You spin and attack the orc knight.
You pummel the orc knight!!
You kill the orc knight!
The Council accepts your kill.
You spin and attack the orc knight repeatedly.
You hit the orc knight but do no damage.
You bite the orc knight!
The orc knight is splashed with acid!
The acid corrodes the orc knight!
The orc knight is moderately wounded.
You hit the orc knight. You tail-slap the orc knight!!
The orc knight is heavily wounded.
You hear a roar!
You hear a shout!
The orc knight no longer looks unusually strong.
The orc warrior no longer looks unusually strong.
The orc high priest is no longer covered in acid.
The orc knight roars a battlecry!
The orc knight goes into a battle-frenzy!
The orc high priest completely misses you.
You block the orc knight's attack.
The orc knight roars a battlecry!
Your lightning rod (3/4) has regained one charge.
Training target 16.0 for Unarmed Combat reached!
Your Unarmed Combat skill increases to level 16!
Things that are here:
a +0 club; an orc corpse An orc and an orc warrior come into view.
The orc is wielding a +2 hand axe of draining.
You lunge at the orc high priest.
You pummel the orc high priest!!
The orc high priest is severely wounded.
You spin and attack the orc knight.
You hit the orc knight. You tail-slap the orc knight! You bite the orc knight.
The orc knight is splashed with acid.
The orc knight seems to be corroded for longer.
The orc knight is heavily wounded.
The orc knight unwields a +0 arbalest.
The orc knight wields a +0 vampiric bardiche.
The orc knight completely misses you. The soul eater completely misses you.
The orc high priest calls upon Beogh to heal the orc warrior.
The orc warrior's wounds heal themselves!
The orc knight roars a battlecry!
The orc knight misses you.
The orc moves out of view.
The orc warrior moves out of view.
Things that are here:
a +0 battleaxe; a +0 chain mail You pummel the orc high priest!!
You kill the orc high priest!
The Council accepts your kill.
The soul eater disappears in a puff of smoke!
The smoke demon disappears in a puff of smoke!
You block the orc knight's attack.
The orc knight hits you with a +2 great sword of electrocution!!
* * * LOW HITPOINT WARNING * * *
The orc knight hits you with a +0 great sword!!
You die...

Skill      XL: |  1  2  3  4  5  6  7  8  9 10 11 12 13 14 15 |
---------------+----------------------------------------------+-----
Stealth        | 2 3 4 |  4.0
Dodging        | 3 4 5 6 7 9 10 | 10.0
Unarmed Combat | 4 5 6 8 10 11 13 15 16 | 16.0
Fighting       | 4 5 6 8 9 10 | 10.0
Transmutations | 1 6 9 11 12 | 12.0
Spellcasting   | 1 5 7 |  7.5
Evocations     | 4 7 |  7.3
Throwing       | 1 5 |  5.2
Shields        | 3 4 |  4.1

Action                   |  1- 3 |  4- 6 |  7- 9 | 10-12 | 13-15 || total
-------------------------+-------+-------+-------+-------+-------++-------
Melee: Unarmed           |   127 |   153 |   352 |   635 |   725 ||  1992
       Tailslap          |    15 |    24 |    56 |   109 |   118 ||   322
       Punch             |     3 |       |    13 |    53 |    36 ||   105
       Bite              |       |       |       |       |    55 ||    55
 Fire: Shortbow          |       |    40 |    22 |       |    24 ||    86
Throw: Dart              |       |       |       |    15 |    17 ||    32
       Javelin           |       |       |       |     1 |       ||     1
 Cast: Blade Hands       |       |       |       |    25 |    77 ||   102
Invok: Whirlwind         |       |       |       |    33 |   135 ||   168
       Lunge             |       |       |       |    33 |    87 ||   120
       Serpent's Lash    |       |       |       |       |    10 ||    10
       Heavenly Storm    |       |       |       |       |     1 ||     1
 Abil: Breathe Acid      |       |       |    12 |    10 |     7 ||    29
Evoke: Wand              |       |     2 |     5 |       |       ||     7
       Lightning rod     |       |       |       |       |     4 ||     4
  Use: Potion            |     1 |       |     2 |     2 |     1 ||     6
       Scroll            |       |     7 |     4 |     7 |     9 ||    27
 Stab: Sleeping          |     3 |     2 |     3 |     9 |    12 ||    29
       Distracted        |       |       |     1 |       |     2 ||     3
Armor: Skin              |    34 |    56 |    86 |   176 |   170 ||   522
Dodge: Dodged            |    69 |   119 |   182 |   403 |   312 ||  1085
Block: Kite shield       |       |       |       |       |   153 ||   153

Levels and vault maps discovered:
D:1:      minmay_arrival_four_circles, layout_basic,
          hellmonk_ecumenical_altar_lost_god, nicolae_kite_square_tiling_tiny
D:2:      layout_basic, chequers_serial_rivers_small_b,
          kennysheep_generic_room_5
D:3:      layout_basic, serial_shops, shop, gammafunk_ghost_mausoleum
D:4:      layout_loops_ring, minmay_manual_monstrance
D:5:      layout_basic, grunt_temple_overflow_opulence, fedhas_altar_1,
          grunt_dithmenos_smoke, general_overflow_altar,
          grunt_temple_overflow_open, temple_statues
D:6:      layout_loops_ring, elyvilon_altar_4, serial_bayou_pond_b,
          minmay_misc_feat_ornament
D:7:      layout_basic, hex_large, reono_crystal_passage, uniq_maggie,
          uniq_pikel
D:8:      layout_cave_pools, mainiacjoe_overflow_catwalk, gammafunk_ghost_smash,
          uniq_maurice
D:9:      gammafunk_wand_slinger, layout_irregular_city,
          mainiacjoe_overflow_paths, david_lair_generic
D:10:     layout_stronghold, grunt_qazlal_sundering,
          mainiacjoe_overflow_brackets, erik_orc_1,
          hellmonk_ghost_happy_afterlife, uniq_psyche
D:11:     layout_rooms
D:12:     layout_cave_pools, serial_shops, shop, nicolae_stop_n_shop_2,
          nicolae_take_the_stairs, shop
D:13:     layout_grid_maze, david_vaults_4, uniq_jorgrun, uniq_urug
Temple:   jpeg_temple_island
Lair:1:   layout_regular_city, chequers_serial_rivers_micro_c,
          dreamdust_wasp_nest, grunt_megastairs_4, infiniplex_staircase_pool_2
Lair:2:   layout_long_grid, minmay_shoals_entry_lonely_mermaid
Lair:3:   layout_regular_city, dummy_spider_entry,
          chequers_serial_rivers_micro_a, grunt_megastairs_1
Lair:4:   layout_roguey, nzn_masters_of_martial_movement, serial_bayou_shore_b,
          lemuel_fruit_fields, grunt_megastairs_5
Lair:5:   minmay_lair_end_enchanted_forest, layout_gridlike,
          minmay_slime_entry_jelly_boxes, infiniplex_staircase_pool
Orc:1:    dreamdust_dug_too_deep, layout_diamond_mine, lightli_church_of_beogh,
          uniq_harold
Orc:2:    st_orc_pillars, layout_caves, basic_altar, serial_shops,
          nicolae_shop_advertising_works [nicolae_subvault_shop_adworks],
          nicolae_volcano_entry_two_sided, uniq_snorg, uniq_rupert

Notes
Turn   | Place    | Note
-------+----------+-------------------------------------------
     0 | D:1      | scionoferis the Draconian Monk began the quest for the Orb.
     0 | D:1      | Reached XP level 1. HP: 19/19 MP: 1/1
   104 | D:1      | Reached skill level 2 in Stealth
   159 | D:1      | Reached XP level 2. HP: 19/26 MP: 2/2
   332 | D:1      | Found a faded altar of an unknown god.
   930 | D:2      | Reached XP level 3. HP: 25/31 MP: 3/3
  1113 | D:2      | Reached skill level 3 in Dodging
  1359 | D:2      | You fall into a shaft and drop 1 floor!
  1421 | D:3      | Found a transporter.
  1424 | D:3      | Noticed Farfigtubin's ghost (amateur HOFi)
  1425 | D:3      | Found a transporter.
  1429 | D:3      | Noticed a necrophage
  1611 | D:2      | HP: 2/33 [gnoll/+0 club (8)]
  1620 | D:2      | Reached XP level 4. HP: 23/40 MP: 4/4
  2104 | D:3      | Found Zuteedgh's Magic Scroll Emporium.
  2119 | D:3      | Reached skill level 4 in Unarmed Combat
  2213 | D:3      | Reached skill level 3 in Stealth
  2593 | D:3      | Bought a scroll of identify for 26 gold pieces
  2593 | D:3      | Bought a scroll of identify for 26 gold pieces
  2780 | D:4      | Noticed a centaur
  2814 | D:4      | Killed a centaur
  2815 | D:4      | Reached skill level 4 in Fighting
  2815 | D:4      | Reached XP level 5. HP: 10/46 MP: 5/5
  3323 | D:4      | Found the +8 orange crystal plate armour {Archmagi, Int+3
                  | Clar}
  3504 | D:5      | Entered Level 5 of the Dungeon
  3623 | D:5      | Reached XP level 6. HP: 52/52 MP: 6/6
  3765 | D:5      | Found a sparkling altar of Nemelex Xobeh.
  3765 | D:5      | Found an opulent altar of Gozag.
  3864 | D:5      | Found a radiant altar of Vehumet.
  3954 | D:5      | Reached skill level 4 in Stealth
  3954 | D:5      | Reached skill level 5 in Unarmed Combat
  4062 | D:5      | Found a staircase to the Ecumenical Temple.
  4072 | Temple   | Entered the Ecumenical Temple
  4411 | D:5      | Found a shimmering blue altar of Sif Muna.
  4425 | D:5      | Found a blossoming altar of Fedhas.
  4446 | D:5      | Found a basalt altar of Yredelemnul.
  4448 | D:5      | Found an iron altar of Okawaru.
  4455 | D:5      | Noticed an ice beast
  4560 | D:5      | Found a shadowy altar of Dithmenos.
  4840 | D:6      | Reached skill level 4 in Dodging
  4840 | D:6      | Your scales start taking on a golden yellow colour.
  4840 | D:6      | Reached XP level 7. HP: 60/60 MP: 7/7
  4840 | D:6      | Gained mutation: You are resistant to acid. (rCorr) [Yellow
                  | Draconian growth]
  4938 | D:6      | Reached skill level 5 in Fighting
  4938 | D:6      | Reached skill level 6 in Unarmed Combat
  5466 | D:6      | Reached XP level 8. HP: 66/69 MP: 8/8
  5590 | D:6      | Reached skill level 7 in Unarmed Combat
  5613 | D:6      | Reached skill level 5 in Dodging
  5621 | D:6      | Reached skill level 6 in Fighting
  6557 | D:3      | Reached skill level 8 in Unarmed Combat
  6570 | D:3      | Killed Farfigtubin's ghost
  6785 | D:5      | Reached XP level 9. HP: 78/78 MP: 9/9
  6906 | D:6      | Found a white marble altar of Elyvilon.
  7101 | D:6      | Reached skill level 7 in Fighting
  7286 | D:7      | Noticed Pikel
  7302 | D:7      | Reached skill level 6 in Dodging
  7311 | D:7      | Noticed Maggie
  7480 | D:6      | Upgraded the game from 0.30-a0-576-g89cddaab80 to
                  | 0.30-a0-578-gdee14c521f
  7492 | D:7      | Reached skill level 9 in Unarmed Combat
  7864 | D:7      | Killed Pikel
  7973 | D:7      | Killed Maggie
  7974 | D:7      | Reached skill level 10 in Unarmed Combat
  8087 | D:7      | Reached skill level 8 in Fighting
  8093 | D:7      | Learned a level 5 spell: Blade Hands
  8383 | D:8      | Noticed Maurice
  8410 | D:8      | Killed Maurice
  8411 | D:8      | Reached skill level 1 in Transmutations
  8448 | D:7      | Reached XP level 10. HP: 76/88 MP: 10/10
  8502 | D:8      | Reached skill level 7 in Dodging
  8502 | D:8      | Reached skill level 2 in Transmutations
  8756 | D:8      | Found a transporter.
  8759 | D:8      | Noticed Newt's ghost (novice DsGl)
  8763 | D:8      | Identified the +11 dire flail of the Land of Plenty {venom,
                  | Int+2 Dex+4}
  8769 | D:8      | Found a transporter.
  8779 | D:8      | Identified the +3 cloak of Prudence {Harm rPois Int-2
                  | Stlth+}
  8804 | D:8      | Identified the +5 trident of Extremism {venom, Will+}
  8842 | D:8      | Reached skill level 3 in Transmutations
  8876 | D:8      | Found a sacrificial altar of Ru.
  9163 | D:9      | Reached skill level 4 in Transmutations
  9251 | D:9      | Noticed an orc high priest
  9255 | D:9      | Found a transporter.
  9262 | D:9      | Found a transporter.
  9327 | D:9      | Found a staircase to the Lair.
  9473 | D:9      | Reached skill level 9 in Fighting
  9709 | D:9      | Noticed a deep elf knight
  9736 | D:9      | Reached skill level 5 in Transmutations
  9781 | D:9      | Found an ornate altar of the Wu Jian Council.
  9801 | D:9      | Became a worshipper of the Wu Jian Council
  9801 | D:9      | Reached * piety under Wu Jian
  9801 | D:9      | Reached ** piety under Wu Jian
  9967 | D:9      | Noticed a two-headed ogre
  9991 | D:9      | Killed a two-headed ogre
  9992 | D:9      | Reached skill level 11 in Unarmed Combat
 10581 | D:10     | Entered Level 10 of the Dungeon
 10581 | D:10     | Noticed brody1818's ghost (novice DjBr)
 10710 | D:10     | Found a runed translucent door.
 10813 | D:10     | Found a stormy altar of Qazlal.
 11017 | D:10     | Found a staircase to the Orcish Mines.
 11030 | D:10     | Reached skill level 6 in Transmutations
 11030 | D:10     | Reached XP level 11. HP: 97/97 MP: 11/11
 11135 | D:10     | Found a shimmering altar of Xom.
 11180 | D:10     | Reached skill level 8 in Dodging
 11340 | D:10     | Noticed Psyche
 11349 | D:10     | Killed Psyche
 11674 | D:10     | Reached skill level 7 in Transmutations
 11891 | D:11     | Noticed a boulder beetle
 11906 | D:11     | Killed a boulder beetle
 11929 | D:11     | Reached *** piety under Wu Jian
 12221 | D:11     | Noticed a skeletal warrior
 12221 | D:11     | Noticed a skeletal warrior
 12254 | D:11     | Killed a skeletal warrior
 12255 | D:11     | Reached skill level 10 in Fighting
 12383 | D:11     | Noticed a skeletal warrior
 12383 | D:11     | Noticed a skeletal warrior
 12385 | D:11     | Killed a skeletal warrior
 12395 | D:11     | Killed a skeletal warrior
 12396 | D:11     | Reached skill level 8 in Transmutations
 12398 | D:11     | Killed a skeletal warrior
 12511 | D:11     | Identified a scroll of acquirement
 12647 | D:11     | Reached skill level 9 in Dodging
 12895 | D:12     | Found Gaajexun's Armour Shoppe.
 12928 | D:11     | Reached skill level 9 in Transmutations
 13036 | D:12     | Reached XP level 12. HP: 92/106 MP: 3/12
 13157 | D:12     | Reached skill level 12 in Unarmed Combat
 13363 | D:12     | Reached **** piety under Wu Jian
 13370 | D:12     | Reached skill level 10 in Transmutations
 13484 | D:12     | Found Vecredif's Armour Shoppe.
 13700 | D:12     | Found Ocvin's Book Shoppe.
 13770 | D:12     | Found Cuzushri's Book Shop.
 13852 | D:12     | Bought the +5 pair of boots of Fefaemeb {rElec rN+ rCorr}
                  | for 799 gold pieces
 13936 | D:9      | Acquired the +1 hat "Viamerimp" {rC+++ rN+++ Int-5 Stlth-}
 13952 | Lair:1   | Entered Level 1 of the Lair of Beasts
 14419 | Lair:1   | Reached skill level 10 in Dodging
 14419 | Lair:1   | Reached skill level 11 in Transmutations
 14790 | Lair:1   | Reached skill level 13 in Unarmed Combat
 15011 | Lair:1   | Reached skill level 1 in Spellcasting
 15458 | D:8      | Killed Newt's ghost
 15459 | D:8      | Reached XP level 13. HP: 96/113 MP: 6/15
 15540 | D:10     | Killed brody1818's ghost
 15541 | D:10     | Reached skill level 2 in Spellcasting
 16061 | Lair:2   | Reached ***** piety under Wu Jian
 16283 | Lair:2   | Found a staircase to the Shoals.
 16556 | Lair:2   | Reached skill level 3 in Spellcasting
 16633 | Lair:2   | Reached skill level 12 in Transmutations
 16837 | Lair:3   | Reached skill level 1 in Evocations
 16964 | Lair:3   | Found a hole to the Spider Nest.
 16971 | Lair:3   | Reached skill level 14 in Unarmed Combat
 17890 | Lair:3   | Reached skill level 2 in Evocations
 18029 | Lair:4   | Reached skill level 4 in Spellcasting
 18160 | Lair:4   | Reached skill level 3 in Evocations
 18461 | Lair:4   | Reached skill level 5 in Spellcasting
 18461 | Lair:4   | Reached skill level 4 in Evocations
 18468 | Lair:4   | Reached skill level 15 in Unarmed Combat
 18695 | Lair:4   | Found an ornate altar of the Wu Jian Council.
 18709 | Lair:4   | Found a hide-covered altar of Uskayaw.
 19149 | Lair:5   | Entered Level 5 of the Lair of Beasts
 19153 | Lair:5   | Reached skill level 1 in Throwing
 19253 | Lair:5   | Gained mutation: You have acidic saliva. [Yellow Draconian
                  | growth]
 19253 | Lair:5   | Reached XP level 14. HP: 119/121 MP: 16/22
 19456 | Lair:5   | Found a staircase to the Slime Pits.
 19456 | Lair:5   | Found a viscous altar of Jiyva.
 20023 | Lair:5   | Reached skill level 2 in Throwing
 20221 | Lair:5   | Reached skill level 5 in Evocations
 20352 | Lair:5   | Reached skill level 6 in Spellcasting
 20358 | Lair:5   | Reached skill level 3 in Throwing
 21184 | D:9      | Acquired 996 gold pieces
 21186 | D:9      | Acquired a +2 pair of gloves of dexterity
 21200 | D:9      | Acquired the Grimoire of Energetic Changing
 21205 | D:9      | Learned a level 2 spell: Wereblood
 21288 | D:13     | Noticed Urug
 21293 | D:13     | Killed Urug
 21586 | D:13     | Noticed Jorgrun
 21598 | D:13     | Killed Jorgrun
 21599 | D:13     | Reached skill level 6 in Evocations
 21823 | D:13     | Reached skill level 4 in Throwing
 22035 | D:13     | Found a gate to the Vaults.
 22205 | D:13     | Reached ****** piety under Wu Jian
 22749 | D:12     | Bought the +2 shield of Resistance {rF++ rC++ Will++} for
                  | 1128 gold pieces
 22749 | D:12     | Found the +2 shield of Resistance {rF++ rC++ Will++}
 22855 | Orc:1    | Entered Level 1 of the Orcish Mines
 22912 | Orc:1    | Found a runed translucent door.
 23041 | Orc:1    | Found a runed translucent door.
 23044 | Orc:1    | Noticed a balrug
 23044 | Orc:1    | Found the +8 mithril axe "Arga" {speed, Will+}
 23056 | Orc:1    | Killed a balrug
 23057 | Orc:1    | Reached skill level 1 in Shields
 23057 | Orc:1    | Reached skill level 7 in Spellcasting
 23248 | Orc:2    | Entered Level 2 of the Orcish Mines
 23248 | Orc:2    | Found a staircase to the Elven Halls.
 23290 | Orc:2    | Found a dark tunnel.
 23296 | Orc:2    | Noticed Rupert
 23339 | Volcano  | Entered a volcano
 23484 | Volcano  | Found a burning altar of Makhleb.
 23656 | Volcano  | Reached skill level 2 in Shields
 23819 | Orc:2    | Killed Rupert
 23953 | Orc:2    | Noticed Snorg
 23965 | Orc:2    | Killed Snorg
 23966 | Orc:2    | Reached skill level 7 in Evocations
 24079 | Orc:2    | Reached skill level 3 in Shields
 24093 | Orc:1    | Reached skill level 5 in Throwing
 24211 | Orc:1    | Noticed Harold
 24232 | Orc:2    | Killed Harold
 24686 | Orc:2    | Found Toogyrchu's Book Shop.
 24816 | Orc:2    | Found a shimmering altar of Xom.
 24850 | Orc:2    | Reached XP level 15. HP: 114/126 MP: 26/26
 25299 | Orc:2    | Reached skill level 4 in Shields
 25307 | Orc:2    | Reached skill level 16 in Unarmed Combat
 25308 | Orc:2    | Demolished by an orc knight

Vanquished Creatures
  Jorgrun (D:13)
  Rupert (Orc:2)
  A balrug (Orc:1)
  Snorg (Orc:2)
  Harold (Orc:2)
  3 hydras (Lair:3 D:13)
  2 centaur warriors (D:13 Volcano)
  2 two-headed ogres (D:9 Orc:2)
  2 boulder beetles (D:11 Lair:4)
  The ghost of Newt the Nimble, a novice DsGl of Okawaru (D:8)
  Urug (D:13)
  The ghost of brody1818 the Cruncher, a novice DjBr of Makhleb (D:10)
  5 death yaks (Lair:4)
  A hell knight (Volcano)
  3 orc high priests (Orc:2)
  An iron troll (D:13)
  4 skeletal warriors (D:11)
  Pikel (D:7)
  3 orc knights (Orc:2)
  An oklob plant (Lair:3)
  3 cyclopes (D:12 Orc:1)
  2 orc sorcerers (Orc:1)
  Maurice (D:8)
  2 manticores (D:12)
  7 slime creatures (D:12)
  A merfolk siren (Lair:2)
  4 black mambas (Lair:1 Lair:2 Lair:4)
  12 elephants (Lair:1 Lair:2 Lair:4)
  Maggie (D:7)
  A gargoyle (D:13)
  3 unseen horrors (D:12)
  Psyche (D:10)
  11 cane toads (Lair:1 Lair:2 Lair:3 Lair:4)
  A rime drake (Lair:5)
  6 komodo dragons (Lair:2 Lair:3 Lair:4 Lair:5)
  3 yaktaurs (Volcano)
  7 polar bears (Lair:1 Lair:2 Lair:5)
  6 trolls (D:11 D:13 Orc:1)
  15 hornets (D:8 D:10 Lair:1 Lair:5)
  11 blink frogs (Lair:4 Lair:5)
  13 dream sheep (Lair:4 Lair:5)
  A shadow (D:13)
  7 wyverns (D:9 Lair:1 Lair:3 Lair:4 Lair:5)
  3 wraiths (D:9 D:12 D:13)
  14 spriggans (Lair:5)
  The ghost of Farfigtubin the Covered, an amateur HOFi of Beogh (D:3)
  55 yaks (D:8 D:10 D:11 D:12 Lair:1)
  2 basilisks (D:9 Lair:1)
  2 steam dragons (Lair:1 Lair:4)
  15 vampire mosquitoes (D:12 D:13)
  3 wargs (Orc:1 Orc:2)
  2 acid dragons (D:9 D:13)
  13 water moccasins (D:6 D:7 Lair:2 Lair:3 Lair:4)
  A swamp drake (D:10)
  21 orc warriors (D:6 D:7 D:9 D:10 Orc:2)
  4 black bears (D:6 D:8 Lair:5)
  2 ice beasts (D:5 D:7)
  10 ogres (D:6 D:10 D:8 Orc:1 Orc:2)
  19 wolves (Lair:5)
  3 boggarts (Lair:5)
  9 centaurs (D:4 D:5 D:6 D:7 D:8)
  4 lemures (D:7 D:6)
  A phantom (D:6)
  4 kobold brigands (D:9)
  A necrophage (D:3)
  3 scorpions (D:5 D:6)
  10 bullfrogs (D:6 D:7 D:8 Lair:1 Lair:2)
  A gnoll sergeant (D:12)
  A water moccasin zombie (D:3)
  8 wights (D:6 D:9)
  10 killer bees (D:7 D:8 D:11)
  2 electric eels (D:6 Lair:5)
  14 jellies (D:7 Lair:5)
  A bullfrog zombie (D:3)
  24 orc priests (D:7 D:10 D:11 Orc:2)
  A gnoll bouda (D:8)
  3 hounds (D:5 D:6)
  2 bullfrog skeletons (D:3)
  6 iguanas (D:5 D:7)
  19 orc wizards (D:8 D:9 D:10 D:11 Orc:2)
  6 hell rats (Lair:4)
  16 gnolls (D:3 D:2 D:6 D:5 D:9)
  3 adders (D:2 D:3 D:5)
  2 shadow imps (D:6 D:7)
  2 white imps (D:7 D:8)
  2 ufetubi (D:5 D:7)
  A worm (D:3)
  5 dart slugs (D:1 D:2 D:3 D:4)
  81 orcs (D:3 D:4 D:5 D:6 D:7)
  6 bats (D:1 D:2 D:3)
  5 endoplasms (D:1 D:2 D:3 D:4 Lair:5)
  3 giant cockroaches (D:2 D:4)
  5 hobgoblins (D:1 D:2)
  3 quokkas (D:1 D:2 D:5)
  8 ball pythons (D:1 D:2 D:3 D:4)
  5 frilled lizards (D:1 D:2 D:3)
  5 goblins (D:1 D:2 D:4)
  24 kobolds (D:1 D:2 D:3 D:4 D:9)
  5 rats (D:2 D:3)
  A butterfly (Lair:4)
637 creatures vanquished.

Vanquished Creatures (collateral kills)
  An elephant (Lair:1)
  A komodo dragon (Lair:1)
2 creatures vanquished.

Vanquished Creatures (others)
  A centaur (Volcano)
  A quokka (D:6)
  14 fungi (D:9 Lair:1 Lair:3 Lair:4 Lair:5)
  20 plants (D:6 D:9 Lair:1 Lair:3 Lair:4)
36 creatures vanquished.

Grand Total: 675 creatures vanquished

Table legend: (Time is in decaauts)
 A = Elapsed time spent in this place.
 B = Non-inter-level travel time spent in this place.
 C = Inter-level travel time spent in this place.
 D = Time resting spent in this place.
 E = Time spent auto-exploring this place.
 F = Levels seen in this place.
 G = Mean time per level.
                   A        B        C        D        E       F      G
               +--------+--------+--------+--------+--------+-----+--------+
         Total |  25114 |  22878 |   2236 |   3875 |  13778 |  22 | 1141.5 |
       Dungeon |  15498 |  13844 |   1654 |   2484 |   8017 |  13 | 1192.2 |
        Temple |    260 |    251 |      9 |      0 |    244 |   1 |  260.0 |
          Lair |   6943 |   6440 |    503 |    571 |   4604 |   5 | 1388.6 |
  Orcish Mines |   1976 |   1907 |     69 |    558 |    851 |   2 |  988.0 |
       Volcano |    435 |    435 |      0 |    262 |     61 |   1 |  435.0 |
               +--------+--------+--------+--------+--------+-----+--------+

Top non-repeatable levels by time:
     D:5: 1831 daAuts
     D:6: 1761 daAuts
  Lair:5: 1721 daAuts
  Lair:1: 1502 daAuts
    D:10: 1417 daAuts
     D:9: 1364 daAuts
    D:13: 1348 daAuts
   Orc:2: 1330 daAuts
  Lair:4: 1317 daAuts
     D:3: 1291 daAuts
  Lair:2: 1219 daAuts
    D:11: 1210 daAuts
  Lair:3: 1183 daAuts
     D:8: 994 daAuts
    D:12: 943 daAuts

Table legend:
 A = Non-vault XP
 B = Vault XP
 C = Vault XP percentage of total XP
 D = Non-vault monster count
 E = Vault monster count
 F = Vault count percentage of total count
                 A         B        C        D         E       F
            +---------+---------+-------+---------+---------+-------
      Total |   68906 |   39792 |  36.6 |     447 |     188 |  29.6
            +---------+---------+-------+---------+---------+-------
        D:1 |      25 |       0 |   0.0 |      14 |       0 |   0.0
        D:2 |      54 |       0 |   0.0 |      17 |       0 |   0.0
        D:3 |      77 |     484 |  86.3 |      21 |       6 |  22.2
        D:4 |      22 |     115 |  83.9 |      10 |       4 |  28.6
        D:5 |     577 |      39 |   6.3 |      18 |       1 |   5.3
        D:6 |    1514 |     127 |   7.7 |      24 |       3 |  11.1
        D:7 |     938 |    1035 |  52.5 |      21 |       2 |   8.7
        D:8 |    2060 |    1998 |  49.2 |      24 |       7 |  22.6
        D:9 |    2376 |     379 |  13.8 |      37 |       2 |   5.1
       D:10 |    2848 |    1777 |  38.4 |      14 |      19 |  57.6
       D:11 |    5960 |       0 |   0.0 |      26 |       0 |   0.0
       D:12 |    7839 |       0 |   0.0 |      32 |       0 |   0.0
       D:13 |    6149 |    4602 |  42.8 |      22 |       5 |  18.5
     Lair:1 |    4795 |    4220 |  46.8 |      18 |      13 |  41.9
     Lair:2 |    5179 |     481 |   8.5 |      17 |       1 |   5.6
     Lair:3 |    3990 |     632 |  13.7 |      10 |       2 |  16.7
     Lair:4 |   11890 |    1658 |  12.2 |      32 |      10 |  23.8
     Lair:5 |    6970 |    8486 |  54.9 |      32 |      57 |  64.0
      Orc:1 |    2868 |    1215 |  29.8 |      18 |       1 |   5.3
      Orc:2 |    2775 |    9520 |  77.4 |      40 |      47 |  54.0
    Volcano |       0 |    3024 | 100.0 |       0 |       8 | 100.0
            +---------+---------+-------+---------+---------+-------
